EL
BOWIE BAYSOX @ ARKANSAS TRAVELERS
06/26/2045
 
TOP OF THE 1ST
Bowie Baysox batting - Pitching for Arkansas Travelers : LHP Tim Siddens
Pitching: LHP Tim Siddens
Batting: RHB Michel Kamphuis 0-0: Ball
1-0: Called Strike
1-1: Ball
2-1: Ball
3-1: Foul Ball, location: 2F
3-2: Foul Ball, location: 2F
3-2: Base on Balls
Batting: RHB Danny Merrill 0-0: Ball
1-0: Ball
2-0: Fielders Choice at 2nd, 3-6 (Groundball, 34S, EV 76.2 MPH)
Batting: RHB Andy Chess 0-0: Ball
Danny Merrill steals 2nd base
1-0: Ball
2-0: Ball
3-0: Called Strike
3-1: Foul Ball, location: 2F
3-2: Strikes out swinging
Batting: RHB Mario Luna 0-0: Swinging Strike
0-1: Foul Ball, location: 2F
0-2: Fly out, F8 (Line Drive, 8LM, EV 94.4 MPH)
Top of the 1st over - 0 runs, 0 hits, 0 errors, 1 left on base; Bowie 0 - Arkansas 0
BOTTOM OF THE 1ST
Arkansas Travelers batting - Pitching for Bowie Baysox : RHP Brent Widder
Pitching: RHP Brent Widder
Batting: RHB Mike Alm 0-0: Ball
1-0: Foul Ball, location: 2F
1-1: Foul Ball, location: 2F
1-2: Ground out 6-3 (Groundball, 6D, EV 100.6 MPH)
Batting: LHB Rusty Ney 0-0: Foul Ball, location: 2F
0-1: SINGLE (Line Drive, 5D, EV 100.0 MPH)
Batting: RHB Oren Jones 0-0: Ball
1-0: Fly out, F3 (Popup, 3, EV 81.2 MPH)
Batting: SHB Mario Padron 0-0: Ball
Rusty Ney steals 2nd base
1-0: Ball
2-0: Foul Ball, location: 2F
2-1: Ball
3-1: Base on Balls
Batting: LHB Tyler Meier 0-0: Called Strike
0-1: Foul Ball, location: 2F
0-2: Hit by Pitch
Rusty Ney to third
Mario Padron to second
Batting: RHB Luis Romero 0-0: Swinging Strike
0-1: Called Strike
0-2: Foul Ball, location: 2F
0-2: Ball
1-2: Foul Ball, location: 2F
1-2: Strikes out swinging
Bottom of the 1st over - 0 runs, 1 hit, 0 errors, 3 left on base; Bowie 0 - Arkansas 0
TOP OF THE 2ND
Bowie Baysox batting - Pitching for Arkansas Travelers : LHP Tim Siddens
Batting: LHB Andrew Erens 0-0: Called Strike
0-1: Swinging Strike
0-2: Fly out, F9 (Flyball, 9LM, EV 86.9 MPH)
Batting: LHB Pat Shaddock 0-0: Called Strike
0-1: Ball
1-1: Swinging Strike
1-2: Ball
2-2: Ball
3-2: Foul Ball, location: 2F
3-2: SINGLE (Groundball, 4MD, EV 98.8 MPH)
Batting: LHB David Best 0-0: Foul Ball, location: 2F
0-1: Ball
1-1: Swinging Strike
1-2: Strikes out looking
Batting: SHB Tyler Myatt 0-0: Ball
1-0: Called Strike
1-1: Ground out 4-3 (Groundball, 34, EV 80.0 MPH)
Top of the 2nd over - 0 runs, 1 hit, 0 errors, 1 left on base; Bowie 0 - Arkansas 0
BOTTOM OF THE 2ND
Arkansas Travelers batting - Pitching for Bowie Baysox : RHP Brent Widder
Batting: SHB Brendan Bundy 0-0: Ball
1-0: Ball
2-0: SINGLE (Groundball, 4MD, EV 100.6 MPH)
Batting: LHB Nick Isaac 0-0: Called Strike
0-1: Ball
1-1: Ball
2-1: Foul Ball, location: 2F
2-2: Ground out 3-1 (Groundball, 34S, EV 69.4 MPH)
Brendan Bundy to second
Batting: RHB Tsega Haida 0-0: Ball
1-0: Foul Ball, location: 2F
1-1: Foul Ball, location: 2F
1-2: Hit by Pitch
Batting: RHB Mike Alm 0-0: Called Strike
0-1: Fly out, F7 (Flyball, 7LS, EV 85.6 MPH)
Batting: LHB Rusty Ney 0-0: Foul Ball, location: 2F
0-1: Ball
1-1: Foul Ball, location: 2F
1-2: Foul Ball, location: 2F
1-2: Foul Ball, location: 2F
1-2: Ball
2-2: Ball
3-2: 3-RUN HOME RUN (Flyball, 7D, EV 95.6 MPH), Distance : 380 ft
Batting: RHB Oren Jones 0-0: SINGLE (Groundball, 6D, EV 110.0 MPH)
Batting: SHB Mario Padron 0-0: Foul Ball, location: 2F
0-1: Ball
1-1: Ball
2-1: Fly out, F8 (Flyball, 8LS, EV 89.4 MPH)
Bottom of the 2nd over - 3 runs, 3 hits, 0 errors, 1 left on base; Bowie 0 - Arkansas 3
TOP OF THE 3RD
Bowie Baysox batting - Pitching for Arkansas Travelers : LHP Tim Siddens
Batting: SHB Hugo Moreno 0-0: Called Strike
0-1: Foul Ball, location: 2F
0-2: Ball
1-2: Ball
2-2: Strikes out swinging
Pitching: RHP Nick Madrid
Batting: RHB Michel Kamphuis 0-0: Ball
1-0: Ball
2-0: Ball
3-0: Base on Balls
Batting: RHB Danny Merrill 0-0: Foul Ball, location: 2F
0-1: Called Strike
0-2: Ball
1-2: Strikes out looking
Michel Kamphuis steals 2nd base
Batter strikes out.
Batting: RHB Andy Chess 0-0: Ball
1-0: Called Strike
1-1: Ball
2-1: Foul Ball, location: 2F
2-2: Hit by Pitch
Batting: RHB Mario Luna 0-0: Ball
1-0: Swinging Strike
1-1: Foul Ball, location: 2F
1-2: Ball
2-2: Foul Ball, location: 2F
2-2: Foul Ball, location: 2F
2-2: Fielders Choice at 2nd, 5-4 (Groundball, 5L, EV 108.8 MPH)
Top of the 3rd over - 0 runs, 0 hits, 0 errors, 2 left on base; Bowie 0 - Arkansas 3
BOTTOM OF THE 3RD
Arkansas Travelers batting - Pitching for Bowie Baysox : RHP Brent Widder
Batting: LHB Tyler Meier 0-0: SINGLE (Line Drive, 34D, EV 94.4 MPH)
Batting: RHB Luis Romero 0-0: Ball
1-0: Foul Ball, location: 2F
1-1: Ball
2-1: Swinging Strike
2-2: Foul Ball, location: 2F
2-2: Strikes out swinging
Batting: SHB Brendan Bundy 0-0: Ball
1-0: Ball
2-0: Called Strike
2-1: Ball
3-1: SINGLE (Groundball, 4MD, EV 105.0 MPH)
Tyler Meier to second
Batting: LHB Nick Isaac 0-0: Called Strike
0-1: Ball
1-1: Ball
2-1: Swinging Strike
2-2: Foul Ball, location: 2F
2-2: Strikes out swinging
Batting: RHB Tsega Haida 0-0: Fly out, F7 (Flyball, 78M, EV 83.8 MPH)
Bottom of the 3rd over - 0 runs, 2 hits, 0 errors, 2 left on base; Bowie 0 - Arkansas 3
TOP OF THE 4TH
Bowie Baysox batting - Pitching for Arkansas Travelers : RHP Nick Madrid
Batting: LHB Andrew Erens 0-0: Called Strike
0-1: Ground out 6-3 (Groundball, 6, EV 80.0 MPH)
Batting: LHB Pat Shaddock 0-0: Ball
1-0: Swinging Strike
1-1: Foul Ball, location: 2F
1-2: Ball
2-2: Strikes out swinging
Batting: LHB David Best 0-0: Ball
1-0: Ball
2-0: Called Strike
2-1: Foul Ball, location: 2F
2-2: Strikes out swinging
Top of the 4th over - 0 runs, 0 hits, 0 errors, 0 left on base; Bowie 0 - Arkansas 3
BOTTOM OF THE 4TH
Arkansas Travelers batting - Pitching for Bowie Baysox : RHP Brent Widder
Batting: RHB Mike Alm 0-0: Ball
1-0: Called Strike
1-1: Swinging Strike
1-2: Foul Ball, location: 2F
1-2: Strikes out swinging
Batting: LHB Rusty Ney 0-0: Called Strike
0-1: Swinging Strike
0-2: Ball
1-2: Strikes out swinging, 2-3 out at first.
Batting: RHB Oren Jones 0-0: Ball
1-0: Foul Ball, location: 2F
1-1: Ground out U3 (Groundball, 3, EV 110.0 MPH)
Bottom of the 4th over - 0 runs, 0 hits, 0 errors, 0 left on base; Bowie 0 - Arkansas 3
TOP OF THE 5TH
Bowie Baysox batting - Pitching for Arkansas Travelers : RHP Nick Madrid
Batting: SHB Tyler Myatt 0-0: Called Strike
0-1: Foul Ball, location: 2F
0-2: Strikes out swinging
Batting: SHB Hugo Moreno 0-0: Ball
1-0: Called Strike
1-1: Called Strike
1-2: Foul Ball, location: 2F
1-2: Foul Ball, location: 2F
1-2: Strikes out swinging
Batting: RHB Michel Kamphuis 0-0: Ground out 5-3 (Groundball, 56S, EV 78.8 MPH)
Top of the 5th over - 0 runs, 0 hits, 0 errors, 0 left on base; Bowie 0 - Arkansas 3
BOTTOM OF THE 5TH
Arkansas Travelers batting - Pitching for Bowie Baysox : RHP Brent Widder
Batting: SHB Mario Padron 0-0: Ball
1-0: Foul Ball, location: 2F
1-1: Foul Ball, location: 2F
1-2: Strikes out swinging
Batting: LHB Tyler Meier 0-0: Ball
1-0: Fly out, F5 (Popup, 6D, EV 70.0 MPH)
Batting: RHB Luis Romero 0-0: Ball
1-0: Swinging Strike
1-1: Foul Ball, location: 2F
1-2: Foul Ball, location: 2F
1-2: Foul Ball, location: 2F
1-2: Strikes out looking
Bottom of the 5th over - 0 runs, 0 hits, 0 errors, 0 left on base; Bowie 0 - Arkansas 3
TOP OF THE 6TH
Bowie Baysox batting - Pitching for Arkansas Travelers : RHP Nick Madrid
Batting: RHB Danny Merrill 0-0: Called Strike
0-1: Foul Ball, location: 2F
0-2: Fly out, F6 (Flyball, 56D, EV 83.1 MPH)
Pitching: LHP Jon Curtis
Batting: RHB Andy Chess 0-0: Ball
1-0: Foul Ball, location: 2F
1-1: Foul Ball, location: 2F
1-2: Ball
2-2: Ball
3-2: Foul Ball, location: 2F
3-2: SOLO HOME RUN (Line Drive, 7LD, EV 95.0 MPH), Distance : 348 ft
Batting: RHB Mario Luna 0-0: Called Strike
0-1: Ground out 5-3 (Groundball, 5, EV 86.2 MPH)
Batting: LHB Andrew Erens 0-0: Ball
1-0: Called Strike
1-1: Foul Ball, location: 2F
1-2: Ball
2-2: Strikes out swinging, 2-3 out at first.
Top of the 6th over - 1 run, 1 hit, 0 errors, 0 left on base; Bowie 1 - Arkansas 3
BOTTOM OF THE 6TH
Arkansas Travelers batting - Pitching for Bowie Baysox : RHP Brent Widder
Batting: SHB Brendan Bundy 0-0: Called Strike
0-1: Ball
1-1: Ball
2-1: Foul Ball, location: 2F
2-2: Ball
3-2: SINGLE (Groundball, 4MD, EV 94.4 MPH)
Pitching: RHP Josh Blankenship
Batting: LHB Nick Isaac 0-0: Ball
1-0: Ball
2-0: Foul Ball, location: 2F
2-1: Foul Ball, location: 2F
2-2: DOUBLE (Groundball, 5L, EV 100.0 MPH)
Brendan Bundy to third
Batting: RHB Tsega Haida 0-0: Called Strike
0-1: Ground out 3-1 (Groundball, 34S, EV 89.4 MPH)
Brendan Bundy scores
Nick Isaac to third
Batting: RHB Mike Alm 0-0: Foul Ball, location: 2F
0-1: Ball
1-1: Ball
2-1: DOUBLE (Flyball, 8RXD, EV 106.2 MPH)
Nick Isaac scores
Batting: LHB Rusty Ney 0-0: Ball
Mike Alm steals 3rd, throwing error, E2
Mike Alm scores
1-0: Fly out, F9 (Flyball, 89M, EV 83.8 MPH)
Batting: RHB Oren Jones 0-0: Foul Ball, location: 2F
0-1: Ground out 5-3 (Groundball, 56S, EV 68.1 MPH)
Bottom of the 6th over - 3 runs, 3 hits, 1 error, 0 left on base; Bowie 1 - Arkansas 6
TOP OF THE 7TH
Bowie Baysox batting - Pitching for Arkansas Travelers : LHP Jon Curtis
Batting: LHB Pat Shaddock 0-0: Foul Ball, location: 2F
0-1: Ball
1-1: Foul Ball, location: 2F
1-2: Strikes out looking
Batting: LHB David Best 0-0: Ball
1-0: Foul Ball, location: 2F
1-1: Foul Ball, location: 2F
1-2: Ball
2-2: Strikes out swinging wild pitch, reaches first!
Batting: SHB Tyler Myatt 0-0: DOUBLE (Line Drive, 7LS, EV 100.6 MPH)
David Best to third
Batting: SHB Hugo Moreno 0-0: Ball
1-0: Ball
2-0: Called Strike
2-1: Foul Ball, location: 2F
2-2: Strikes out looking
Batting: RHB Michel Kamphuis 0-0: Called Strike
0-1: Foul Ball, location: 2F
0-2: Ball
1-2: Foul Ball, location: 2F
1-2: Ball
Balk!
David Best scores
Tyler Myatt to third
2-2: SINGLE (Groundball, 56D, EV 105.0 MPH)
Tyler Myatt scores
Pitching: RHP Trece Hunter
Batting: RHB Danny Merrill 0-0: Ball
1-0: Ball
2-0: Foul Ball, location: 2F
2-1: Fly out, F9 (Flyball, 9, EV 88.1 MPH)
Top of the 7th over - 2 runs, 2 hits, 0 errors, 1 left on base; Bowie 3 - Arkansas 6
BOTTOM OF THE 7TH
Arkansas Travelers batting - Pitching for Bowie Baysox : RHP Josh Blankenship
Batting: SHB Mario Padron 0-0: Ball
1-0: Ball
2-0: Ball
3-0: Base on Balls
Batting: LHB Tyler Meier 0-0: SINGLE (Flyball, 7S, EV 89.4 MPH)
Mario Padron to second
Batting: RHB Luis Romero 0-0: SINGLE (Groundball, 6MD, EV 96.9 MPH)
Mario Padron to third
Tyler Meier to second
Batting: SHB Brendan Bundy 0-0: Ball
1-0: Grounds into double play, 3-2-3 (Groundball, 3, EV 103.1 MPH)
Tyler Meier to third
Luis Romero to second
Batting: LHB Nick Isaac 0-0: Ball
Wild Pitch!
Tyler Meier scores
Luis Romero to third
1-0: Ball
2-0: Ball
3-0: Base on Balls
Pitching: RHP Mike Wheeler
Batting: RHB Tsega Haida 0-0: Ball
1-0: Called Strike
1-1: Foul Ball, location: 2F
1-2: Fielders Choice at 2nd, 5-4 (Groundball, 5, EV 90.0 MPH)
Bottom of the 7th over - 1 run, 2 hits, 0 errors, 2 left on base; Bowie 3 - Arkansas 7
TOP OF THE 8TH
Bowie Baysox batting - Pitching for Arkansas Travelers : RHP Trece Hunter
Pitching: RHP Danny Nerio
Batting: RHB Andy Chess 0-0: Called Strike
0-1: Ball
1-1: Foul Ball, location: 2F
1-2: Foul Ball, location: 2F
1-2: Foul Ball, location: 2F
1-2: Ground out 5-3 (Groundball, 5L, EV 85.0 MPH)
Batting: RHB Mario Luna 0-0: Foul Ball, location: 2F
0-1: Foul Ball, location: 2F
0-2: Ball
1-2: Ball
2-2: Foul Ball, location: 2F
2-2: Foul Ball, location: 2F
2-2: Ball
3-2: Fly out, F8 (Flyball, 8LD, EV 100.6 MPH)
Batting: LHB Andrew Erens 0-0: Ball
1-0: Called Strike
1-1: Foul Ball, location: 2F
1-2: Ball
2-2: Foul Ball, location: 2F
2-2: Strikes out looking
Top of the 8th over - 0 runs, 0 hits, 0 errors, 0 left on base; Bowie 3 - Arkansas 7
BOTTOM OF THE 8TH
Arkansas Travelers batting - Pitching for Bowie Baysox : RHP Mike Wheeler
Batting: RHB Mike Alm 0-0: Swinging Strike
0-1: Called Strike
0-2: Ball
1-2: Fly out, F7 (Flyball, 7D, EV 101.9 MPH)
Batting: LHB Rusty Ney 0-0: Ball
1-0: Swinging Strike
1-1: Foul Ball, location: 2F
1-2: Foul Ball, location: 2F
1-2: Ground out 1-3 (Groundball, 13S, EV 66.9 MPH)
Batting: RHB Oren Jones 0-0: Ball
1-0: Called Strike
1-1: Swinging Strike
1-2: Foul Ball, location: 2F
1-2: SINGLE (Line Drive, 34, EV 93.8 MPH)
Batting: SHB Mario Padron 0-0: Ball
1-0: Swinging Strike
1-1: Fly out, F7 (Flyball, 78S, EV 90.0 MPH)
Bottom of the 8th over - 0 runs, 1 hit, 0 errors, 1 left on base; Bowie 3 - Arkansas 7
TOP OF THE 9TH
Bowie Baysox batting - Pitching for Arkansas Travelers : RHP Danny Nerio
Pitching: LHP Cody Bodenhamer
Batting: LHB Pat Shaddock 0-0: Called Strike
0-1: Ball
1-1: Ground out 5-3 (Groundball, 56, EV 90.0 MPH)
Pinch Hitting: RHB Jon Zimmerman 0-0: Ball
1-0: Foul Ball, location: 2F
1-1: Ball
2-1: DOUBLE (Flyball, 89XD, EV 101.2 MPH)
Batting: SHB Tyler Myatt 0-0: SINGLE (Groundball, 6S, EV 70.0 MPH) (infield hit)
Jon Zimmerman to third
Pitching: RHP Eric Cunningham
Batting: SHB Hugo Moreno 0-0: Foul Ball, location: 2F
0-1: Swinging Strike
0-2: Strikes out swinging
Batting: RHB Michel Kamphuis 0-0: Swinging Strike
0-1: Foul Ball, location: 2F
0-2: Ball
1-2: Foul Ball, location: 2F
1-2: Strikes out swinging
Top of the 9th over - 0 runs, 2 hits, 0 errors, 2 left on base; Bowie 3 - Arkansas 7
Wednesday, June 22nd , 2022 - OOTP Baseball 23.4 Build 64